 Dungeon Crawl Stone Soup version 0.21-a0-351-g38363bb (webtiles) character file.

175 4thArraOfDagon the Skirmisher (level 5, -6/82 HPs)
             Began as an Ogre Enchanter on Oct 9, 2017.
             Was a Follower of Zin.
             Engulfed by a cloud of flame (25 damage)
             ... on level 4 of the Dungeon.
             The game lasted 00:04:58 (1641 turns).

4thArraOfDagon the Skirmisher (Ogre Enchanter)      Turns: 1641, Time: 00:05:00

Health: -6/82      AC: 22    Str: 16 (17) XL:     5   Next: 55%
Magic:  8/8        EV:  1    Int: 17      God:    Zin [*.....]
Gold:   24         SH:  0    Dex:  9      Spells: 5/8 levels left

rFire    x . .     SeeInvis .   a - +1 dagger
rCold    + . .     Gourm    .   (no shield)
rNeg     + + +     Faith    .   (armour currently unavailable)
rPois    +         Spirit   .   (helmet currently unavailable)
rElec    .         Reflect  .   (cloak currently unavailable)
rCorr    .         Harm     .   (gloves unavailable)
MR       .....     NoTele   +   (boots unavailable)
Stlth    ++........             i - amulet of magic regeneration
HPRegen  0.23/turn              l - ring of ice
MPRegen  0.36/turn              (no ring)

@: mighty, tree-form
A: unfitting armour, deterioration 1
a: Recite, Donate Gold, Renounce Religion


You were on level 4 of the Dungeon.
You worshipped Zin.
Zin was aware of your devotion.
You were not hungry.
You were a tree.
You visited 1 branch of the dungeon, and saw 4 of its levels.

You collected 55 gold pieces.
You donated 31 gold pieces to Zin.

Inventory:

Hand Weapons
 a - a +1 dagger (weapon)
 h - a +0 club
Armour
 b - a +0 robe (melded)
Jewellery
 i - an amulet of magic regeneration (around neck)
 l - a ring of ice (left branch)
Books
 c - a book of Maledictions

   Spells                             Type                      Level
   a - Corona                         Hexes                        1
   b - Ensorcelled Hibernation        Hexes/Ice                    2
   c - Confuse                        Hexes                        3
   d - Tukima's Dance                 Hexes                        3
   e - Dazzling Spray                 Conjuration/Hexes            3
Comestibles
 d - a bread ration
 f - 3 royal jellies


   Skills:
 + Level 4.8 Fighting
 - Level 0.8 Short Blades
 + Level 3.0 Maces & Flails
 - Level 1.7 Dodging
 - Level 2.1 Stealth
 - Level 2.4 Spellcasting
 - Level 2.6 Hexes


You had 5 spell levels left.
You knew the following spells:

 Your Spells              Type           Power        Failure   Level  Hunger
a - Corona                Hex            ##.....      6%          1    #......
b - Ensorcelled Hibernat  Hex/Ice        #.....       16%         2    ##.....


Dungeon Overview and Level Annotations

Branches:
Dungeon (4/15)
 Temple: D:4-7

Altars:
Okawaru
Zin


Innate Abilities, Weirdness & Mutations

You are too large for most types of armour.
((You have tough skin. (AC +1)))
((You have large cloven feet.))
Your body sometimes deteriorates upon taking damage.


Message History

You are engulfed in blazing flames.
Unknown command.
You are engulfed in blazing flames.
Unknown command.
You are engulfed in blazing flames.
A goblin comes into view. It is wielding a dagger of venom.
You feel better.
You are engulfed in blazing flames.
* * * LOW HITPOINT WARNING * * *
Your body deteriorates!
You feel weakened.
A worm comes into view.
Unknown command.
Do you wish to donate half of your money?
Zin finds your generosity lacking.
You are engulfed in blazing flames.
* * * LOW HITPOINT WARNING * * *
Unknown command.
You aren't carrying any potions.
Okay, then.
You are engulfed in blazing flames.
You die...

###.# ..#.# #.#.#
#.######.#.#
#..@.....#.#
###.#####§...#
.....g.♣§....#
####w####§...######
.............<#
#.###....######
#....# ####.# #.#
#.# #.#


You could see a worm (wandering) and a goblin.

Vanquished Creatures
  Edmund (D:4)
  3 adders
  An ooze (D:2)
  A dart slug (D:2)
  2 leopard geckos (D:1)
  An orc (D:3)
  6 giant cockroaches (D:1)
  4 hobgoblins
  6 kobolds
  4 bats
  5 rats
34 creatures vanquished.

Notes
Turn   | Place    | Note
-------+----------+-------------------------------------------
     0 | D:1      | 4thArraOfDagon the Ogre Enchanter began the quest for the Orb.
     0 | D:1      | Reached XP level 1. HP: 16/16 MP: 3/3
   129 | D:2      | Reached skill level 1 in Fighting
   235 | D:2      | Found a faded altar of an unknown god.
   276 | D:2      | Became a worshipper of Zin the Law-Giver
   276 | D:2      | Reached * piety under Zin
   277 | D:2      | :)
   329 | D:3      | Noticed an iguana
   342 | D:2      | Reached skill level 2 in Fighting
   342 | D:2      | Reached XP level 2. HP: 9/28 MP: 5/5
   507 | D:2      | Learned a level 2 spell: Ensorcelled Hibernation
   518 | D:2      | Reached skill level 1 in Maces & Flails
   555 | D:2      | Found an iron altar of Okawaru.
   596 | D:2      | Reached XP level 3. HP: 32/36 MP: 3/6
   816 | D:1      | Reached skill level 3 in Fighting
  1475 | D:3      | Reached XP level 4. HP: 42/45 MP: 4/7
  1615 | D:4      | Noticed Edmund
  1620 | D:4      | Gained mutation: Your body sometimes deteriorates upon taking damage. [potion of mutation]
  1620 | D:4      | Gained mutation: You have large cloven feet. [potion of mutation]
  1635 | D:4      | Killed Edmund
  1635 | D:4      | Reached skill level 4 in Fighting
  1635 | D:4      | Reached XP level 5. HP: 55/55 MP: 8/8
  1640 | D:4      | Donated 26 gold pieces to Zin
  1641 | D:4      | Engulfed by a cloud of flame

Vault maps used:
D:1:      dpeg_arrival_fog, minmay_misc_feat_roman
D:2:      chequers_ecumenical_altar_simple_redux, okawaru_metal_pillars_1_2
D:3:      lemuel_doored_altar, serial_bayou_pond_b, tso_altar
D:4:      first_bread, nicolae_gozag_seed_capital, uniq_robin, uniq_duvessa,
          uniq_edmund

Skill      XL: |  1  2  3  4 |
---------------+-------------+-----
Fighting       | 2 3 4 |  4.8
Maces & Flails | 1 2 3 |  3.0
Short Blades   | |  0.8
Dodging        | |  1.7
Stealth        | |  2.1
Spellcasting   | |  2.4
Hexes          | |  2.6

Action                   |  1- 3 |  4- 6 || total
-------------------------+-------+-------++-------
Melee: Dagger            |   131 |    26 ||   157
 Cast: Corona            |     8 |       ||     8
       Ensorcelled Hiber |     2 |       ||     2
Invok: Donate Gold       |       |     1 ||     1
  Use: Potion            |     1 |     6 ||     7
       Scroll            |       |     2 ||     2
 Stab: Sleeping          |     5 |       ||     5
  Eat: Chunk             |     2 |       ||     2
       Royal jelly       |     1 |       ||     1
Armor: Robe              |    45 |     5 ||    50
       Skin              |       |     8 ||     8
Dodge: Dodged            |    91 |    11 ||   102

Table legend:
 A = Spawn XP
 B = Non-spawn XP
 C = Spawn XP percentage of total XP
 D = Spawn monster count
 E = Non-spawn monster count
 F = Spawn count percentage of total count
 G = Total turns spent on level
                    A         B        C        D         E        F      G
               +---------+---------+-------+---------+---------+-------+---------
         Total |       0 |     251 |   0.0 |       0 |      34 |   0.0 |  1641
               +---------+---------+-------+---------+---------+-------+---------
           D:1 |       0 |      29 |   0.0 |       0 |      17 |   0.0 |   666
           D:2 |       0 |      49 |   0.0 |       0 |      11 |   0.0 |   745
           D:3 |       0 |      20 |   0.0 |       0 |       5 |   0.0 |   196
           D:4 |       0 |     153 |   0.0 |       0 |       1 |   0.0 |    34
               +---------+---------+-------+---------+---------+-------+---------
